 Dungeon Crawl Stone Soup version 0.30-a0-760-g5a9884bb7c (webtiles) character file.

Game seed: 5095709922777617291

34973 holysushi the Unseen (level 13, -10/74 HPs)
             Began as a Vampire Monk on Feb 11, 2023.
             Was the Champion of Ru.
             Mangled by a catoblepas (13 damage)
             ... while petrified by a catoblepas
             ... on level 5 of the Lair of Beasts.
             The game lasted 00:44:29 (22654 turns).

holysushi the Unseen (Vampire Monk)                Turns: 22654, Time: 00:44:30

Health: -10/74     AC:  0    Str: 10    XL:     13   Next: 45%
Magic:  13/13      EV:  5    Int: 12    God:    Ru [******]
Gold:   4118       SH:  0    Dex: 27    Spells: 12/12 levels left

rFire   . . .      SeeInvis +      - Unarmed
rCold   + + .      Faith    .    (shield unavailable)
rNeg    + + +      Spirit   .    (body armour currently unavailable)
rPois   ∞          Reflect  .    (helmet currently unavailable)
rElec   .          Harm     .    (cloak currently unavailable)
rCorr   .          Rampage  .    (gloves currently unavailable)
Will    +....                    (boots currently unavailable)
Stlth   +++++++++                (no amulet)
HPRegen 0.00/turn                (ring unavailable)
MPRegen 0.13/turn                (ring currently unavailable)

@: bat-form, petrified, flying, bloodless, inhibited regen, unable to drink,
very quick
A: fast, flying, no casting, tiny, bloodless, fangs 3, see invisible, inability
to drink after injury 2, missing a hand, hated by all, disrupted magic 1,
vampiric 2
a: Revivify, End Transformation, Renounce Religion, Draw Out Power, Power Leap,
Apocalypse


You were on level 5 of the Lair of Beasts.
You worshipped Ru.
Ru was exalted by your worship.
You were a vampire bat.
You visited 3 branches of the dungeon, and saw 16 of its levels.

You collected 4118 gold pieces.

Inventory:

Armour
 a - a +0 robe (melded)
Jewellery
 c - a ring of protection from fire
 r - a ring of willpower
 t - an amulet of reflection
 F - a +5 ring of evasion
 M - a ring of wizardry
Wands
 p - a wand of digging (5)
 q - a wand of charming (19)
 u - a wand of iceblast (31)
 w - a wand of flame (39)
 A - a wand of quicksilver (5)
 D - a wand of mindburst (2)
Scrolls
 d - 7 scrolls of blinking
 f - 6 scrolls of torment {unknown}
 j - 3 scrolls of fear {unknown}
 k - 2 scrolls of poison
 l - 6 scrolls of teleportation
 m - 3 scrolls of amnesia {unknown}
 x - 2 scrolls of enchant armour {unknown}
 y - 4 scrolls of noise {unknown}
 B - a scroll of magic mapping {unknown}
 E - 7 scrolls of identify
 G - 2 scrolls of fog {unknown}
 I - 5 scrolls of vulnerability {unknown}
 O - a scroll of immolation {unknown}
 P - a scroll of summoning {unknown}
Potions
 b - 5 potions of ambrosia
 e - 4 potions of heal wounds
 g - 2 potions of haste
 h - 3 potions of magic
 i - 5 potions of lignification
 n - 3 potions of invisibility
 o - 11 potions of mutation
 s - 2 potions of flight {unknown}
 v - 4 potions of curing {unknown}
 z - 2 potions of degeneration {unknown}
 C - 2 potions of berserk rage {unknown}
 J - 2 potions of brilliance {unknown}
 K - 2 potions of resistance {unknown}
 N - 2 potions of might {unknown}
 Q - a potion of attraction {unknown}
Miscellaneous
 H - a lightning rod (2/4)


   Skills:
 - Level 5.8 Fighting
 - Level 13.4 Dodging
 + Level 17.0 Stealth
 + Level 15.5 Unarmed Combat
 - Level 7.0 Evocations


You had 12 spell levels left.
You didn't know any spells.
Your spell library contained the following spells:

 Spells                   Type           Power      Damage    Failure   Level
 Apportation              Tloc           0%         N/A       41%         1
 Necrotise                Necr           0%         1d4       41%         1
 Blink                    Tloc           0%         N/A       54%         2
 Ensorcelled Hibernation  Hex/Ice        0%         N/A       54%         2
 Lesser Beckoning         Tloc           0%         N/A       54%         2
 Momentum Strike          Conj/Tloc      0%         3d8       54%         2
 Sublimation of Blood     Necr           0%         N/A       54%         2
 Frozen Ramparts          Ice            0%         1d1       77%         3
 Gell's Gravitas          Tloc           0%         N/A       77%         3
 Spider Form              Tmut/Pois      0%         N/A       77%         3
 Teleport Other           Tloc           0%         N/A       77%         3
 Vampiric Draining        Necr           0%         2d6       77%         3
 Anguish                  Hex/Necr       0%         N/A       98%         4
 Ice Form                 Ice/Tmut       0%         N/A       98%         4
 Manifold Assault         Tloc           0%         N/A       98%         4
 Petrify                  Tmut/Erth      0%         N/A       98%         4
 Agony                    Necr           0%         N/A       100%        5
 Alistair's Intoxication  Tmut/Pois      0%         N/A       100%        5
 Blade Hands              Tmut           0%         N/A       100%        5
 Irradiate                Conj/Tmut      0%         3d11      100%        5
 Metabolic Englaciation   Hex/Ice        0%         N/A       100%        5
 Dispersal                Tloc           0%         N/A       100%        6
 Iron Shot                Conj/Erth      0%         9d1       100%        6
 Statue Form              Tmut/Erth      0%         N/A       100%        6
 Disjunction              Tloc           0%         N/A       100%        8
 Animate Armour           Summ/Erth      Unusable   N/A       N/A         4
 Summon Ice Beast         Ice/Summ       Unusable   N/A       N/A         4

Dungeon Overview and Level Annotations

Branches:
Dungeon (10/15) Zot: 26226  Temple (1/1) D:5 Zot: 5854    Lair (5/5) D:8 Zot: 22350
  Swamp (0/4) Lair:3        Snake (0/4) Lair:2        Slime (0/5) Lair:4
    Orc: D:9-12

Altars:
Ashenzari
Cheibriados
Dithmenos
Gozag
Kikubaaqudgha
Makhleb
Nemelex Xobeh
Okawaru
Qazlal
Ru
Sif Muna
Trog
Uskayaw
Vehumet
Wu Jian
Xom

Annotations:
D:3 1 runed translucent door, Grinder; JumpingJurisdiction's ghost, amateur MiBe
D:7 2 runed translucent doors, monoptic's ghost, novice TrBe
D:8 3 runed translucent doors, RandomusNamus's ghost, novice TrFi
Lair:3 3 runed translucent doors, Foxy's ghost, journeyman KoEn


Innate Abilities, Weirdness & Mutations

You are a vampire bat.
You are tiny and dextrous.
You move quickly.
You are flying.
You are immune to poison.
Your equipment is almost entirely melded.
You are incapable of wielding weapons or throwing items.
You cannot cast spells.
You do not regenerate when monsters are visible.
You are frail without blood (-20% HP).
You can heal yourself when you bite living creatures.
You are immune to poison.
You have razor-sharp teeth.
You have supernaturally acute eyesight. (SInv)
You sometimes lose the ability to drink potions when taking damage.
You are missing a hand.
You are hated by all.
Your casting is slightly disrupted.
You are afflicted with vampirism and can become a bat while bloodless.


Message History

The catoblepas breathes a plume of calcifying dust at you.
The blast of calcifying dust hits you.
The lindwurm is engulfed in calcifying dust.
You see here a manticore skeleton.
The catoblepas breathes a plume of calcifying dust at you.
The blast of calcifying dust hits you!
You redirect the catoblepas's attack!
The catoblepas bellows!
You hit the catoblepas but do no damage.
You bite the catoblepas, but do no damage.
The catoblepas breathes a plume of calcifying dust at you.
The blast of calcifying dust hits you!
Aiming: Mindburst
Press: ? - help, Shift-Dir - straight line, f - catoblepas
Aim: a catoblepas (calcifying dust, chance to affect: 23%)
Okay, then.
Okay, then.
Okay, then.
Really fly into that cloud of calcifying dust?
You are engulfed in calcifying dust.
You are slowing down.
The catoblepas gores you.
You focus your inner power and blind the catoblepas in retribution!
You see here a manual of Dodging.
Something appears at your feet!
You are engulfed in calcifying dust.
Your limbs have turned to stone.
The catoblepas is stunned by your conviction and fails to attack.
You have turned to stone.
You are engulfed in calcifying dust.
The catoblepas barely misses you. The catoblepas gores you!!
You feel threatened and lose the ability to drink potions!
The catoblepas gores you!!
The catoblepas is no longer blind.
The catoblepas gores you!!
* * * LOW HITPOINT WARNING * * *
The catoblepas is stunned by your conviction and fails to attack.
The catoblepas gores you!
* * * LOW HITPOINT WARNING * * *
You focus your inner power and blind the catoblepas in retribution!
The catoblepas begins to attack, but is stunned by your conviction!
The catoblepas gores you!!
You die...

..####.........########..........
...##.........##.#..#...#........
..............##.......#.........
.............##....#.#...##......
#.....##...###...........####.#..
#..#.##....# #......#.....#####)#
##.#.##....###.....##.....##.####
##..####....##..#####.....##....#
#P....##...##...b...#.....##...#.
##.........##...#Y..########..###
#.....#....##...#...#### ##.###
.#...###....##..###.#..### #.##.
###.###.....##......#....## #.###
#.## #....####...#.......# ####.
#### ###...# #....§.......# #..#.
.#.###P#...# ##....#......# #....
...........## ###..###÷#..###....


You could see a catoblepas (blind).

Vanquished Creatures
  Nessos (Lair:5)
  2 hydras
  5 death yaks (Lair:5)
  Sonja (Lair:1)
  2 skysharks
  A swamp dragon (Lair:5)
  A salamander (Lair:2)
  2 elephants (Lair:5)
  A manticore (Lair:5)
  3 black mambas
  Maggie (Lair:2)
  6 cane toads
  2 torpor snails
  A kobold demonologist (D:7)
  6 komodo dragons
  6 rime drakes
  3 trolls
  A polar bear (Lair:5)
  25 blink frogs
  3 dream sheep (Lair:5)
  2 shadows
  A spriggan (Lair:1)
  37 yaks
  Eustachio (D:4)
  3 wyverns
  3 steam dragons (Lair:5)
  3 basilisks
  2 acid dragons
  16 water moccasins
  2 ice beasts
  2 orc warriors
  A sky beast (D:7)
  A black bear (D:3)
  9 wolves
  5 ogres
  4 centaurs
  4 phantoms
  2 kobold brigands (D:8)
  6 bullfrogs
  A gnoll sergeant (D:10)
  2 necrophages
  3 scorpions
  A wight (D:8)
  7 killer bees
  3 electric eels (D:8)
  9 howler monkeys
  3 lava snakes (Lair:2)
  10 hounds
  3 orc priests (D:8)
  2 jellies (D:6)
  4 iguanas
  5 orc wizards
  6 gnolls
  11 adders
  An ufetubus (D:5)
  2 worms (D:2)
  3 dart slugs
  22 orcs
  5 endoplasms
  3 giant cockroaches
  7 goblins
  3 hobgoblins (D:1)
  6 jackals
  5 quokkas
  5 ball pythons
  4 bats
  A frilled lizard (D:2)
  12 kobolds
  3 rats
329 creatures vanquished.

Vanquished Creatures (others)
  A hydra (Lair:5)
  A polar bear (Lair:5)
  A vampire (D:9)
  A hound (D:7)
  An iguana (Lair:3)
  An orc (D:9)
  A kobold (D:8)
  39 fungi
  66 plants
112 creatures vanquished.

Grand Total: 441 creatures vanquished

Notes
Turn   | Place    | Note
-------+----------+-------------------------------------------
     0 | D:1      | holysushi the Vampire Monk began the quest for the Orb.
     0 | D:1      | Reached XP level 1. HP: 17/17 MP: 1/1
   220 | D:1      | Reached XP level 2. HP: 17/23 MP: 2/2
   868 | D:2      | Gained mutation: You are afflicted with vampirism and can
                  | become a bat while bloodless. [Vampire growth]
   868 | D:2      | Reached XP level 3. HP: 27/28 MP: 3/3
  1195 | D:2      | Reached skill level 5 in Unarmed Combat
  1387 | D:2      | Reached XP level 4. HP: 27/27 MP: 4/4
  1541 | D:3      | Noticed a phantom
  1620 | D:2      | Killed a phantom
  1621 | D:2      | Reached XP level 5. HP: 15/31 MP: 5/5
  1687 | D:3      | Found a shimmering altar of Xom.
  1690 | D:3      | Noticed Grinder
  2472 | D:3      | Identified the +6 hand axe of Victory {flame, *Rage rElec
                  | rPois MP+9}
  2657 | D:3      | Paralysed by Grinder for 2 turns
  2968 | D:3      | Found a runed translucent door.
  2971 | D:3      | Noticed JumpingJurisdiction's ghost (amateur MiBe)
  3063 | D:3      | Noticed a black bear
  3078 | D:3      | Killed a black bear
  3079 | D:3      | Reached XP level 6. HP: 30/36 MP: 6/6
  3482 | D:4      | Reached XP level 7. HP: 40/40 MP: 7/7
  3495 | D:4      | Noticed Eustachio
  3518 | D:4      | Killed Eustachio
  3814 | D:4      | Reached skill level 10 in Unarmed Combat
  4149 | D:5      | Entered Level 5 of the Dungeon
  4243 | D:5      | Found a burning altar of Makhleb.
  4316 | D:5      | Reached skill level 4 in Stealth
  4316 | D:5      | Reached skill level 1 in Evocations
  4316 | D:5      | Reached XP level 8. HP: 29/46 MP: 8/8
  4441 | D:5      | Found a staircase to the Ecumenical Temple.
  4452 | Temple   | Entered the Ecumenical Temple
  4646 | Temple   | Became a worshipper of Ru the Awakened
  4669 | Temple   | Gained mutation: You are hated by all. [Ru sacrifice]
  4669 | Temple   | Reached * piety under Ru
  4669 | Temple   | Reached ** piety under Ru
  5080 | D:5      | Reached skill level 5 in Stealth
  5285 | D:5      | Found a burning altar of Makhleb.
  5420 | D:5      | Found a staircase to the Ecumenical Temple.
  5947 | D:5      | Found a burning altar of Makhleb.
  6148 | D:5      | Found a staircase to the Ecumenical Temple.
  6364 | D:6      | Found a stormy altar of Qazlal.
  6550 | D:6      | Reached skill level 6 in Stealth
  6569 | D:6      | Reached skill level 5 in Dodging
  7104 | D:7      | Reached skill level 7 in Stealth
  7104 | D:7      | Reached XP level 9. HP: 13/52 MP: 9/9
  7306 | D:7      | Noticed a kobold demonologist
  7320 | D:7      | Killed a kobold demonologist
  7345 | D:7      | Reached skill level 8 in Stealth
  7502 | D:7      | Found a large runed translucent door.
  7503 | D:7      | Found a large runed translucent door.
  7883 | D:7      | Noticed monoptic's ghost (novice TrBe)
  7914 | D:7      | Identified 3 scrolls of acquirement
  7914 | D:7      | Acquired 1014 gold pieces
  7916 | D:7      | Acquired 708 gold pieces
  7918 | D:7      | Acquired 862 gold pieces
  8475 | D:8      | Reached skill level 9 in Stealth
  8600 | D:8      | Found a staircase to the Lair.
  8753 | D:8      | Reached skill level 10 in Stealth
  8768 | D:8      | Gained mutation: You are missing a hand. [Ru sacrifice]
  8768 | D:8      | Reached *** piety under Ru
  8768 | D:8      | Reached **** piety under Ru
  8816 | D:8      | Noticed a troll
  9059 | D:8      | Found a runed translucent gate.
  9059 | D:8      | Found a runed translucent gate.
  9059 | D:8      | Found a runed translucent gate.
  9060 | D:8      | Noticed a ten-headed hydra
  9061 | D:8      | Noticed an 11-headed hydra
  9061 | D:8      | Noticed RandomusNamus's ghost (novice TrFi)
  9395 | D:8      | Reached XP level 10. HP: 40/56 MP: 10/10
 10020 | D:8      | Found a staircase to the Lair.
 10056 | D:8      | Found a runed translucent gate.
 10057 | D:8      | Found a runed translucent gate.
 10058 | D:8      | Found a runed translucent gate.
 11228 | D:9      | Reached skill level 11 in Stealth
 11733 | D:10     | Entered Level 10 of the Dungeon
 11748 | D:10     | Noticed a gargoyle
 12699 | D:10     | Found an ornate altar of the Wu Jian Council.
 12706 | D:10     | Found a snail-covered altar of Cheibriados.
 12739 | D:10     | Noticed a two-headed ogre
 12814 | Lair:1   | Entered Level 1 of the Lair of Beasts
 12867 | Lair:1   | Reached skill level 10 in Dodging
 13033 | Lair:1   | Reached XP level 11. HP: 62/62 MP: 11/11
 13322 | Lair:1   | Gained mutation: You occasionally lose the ability to drink
                  | potions when taking damage. [Ru sacrifice]
 13322 | Lair:1   | Gained mutation: You sometimes lose the ability to drink
                  | potions when taking damage. [Ru sacrifice]
 13322 | Lair:1   | Reached ***** piety under Ru
 13738 | Lair:1   | Noticed Sonja
 13745 | Lair:1   | Killed Sonja
 14385 | Lair:2   | Noticed a skyshark
 14434 | Lair:1   | Killed a skyshark
 14543 | Lair:2   | Found a staircase to the Snake Pit.
 15111 | Lair:2   | Noticed Maggie
 15125 | Lair:2   | Killed Maggie
 15126 | Lair:2   | Reached skill level 5 in Fighting
 15795 | Lair:3   | Noticed a five-headed hydra
 15866 | Lair:3   | Noticed Foxy's ghost (journeyman KoEn)
 15942 | Lair:3   | Found a staircase to the Swamp.
 16066 | Lair:3   | Killed a five-headed hydra
 16218 | Lair:3   | Found a runed translucent gate.
 16218 | Lair:3   | Found a runed translucent gate.
 16218 | Lair:3   | Found a runed translucent gate.
 16261 | Lair:3   | Reached skill level 12 in Stealth
 16602 | Lair:3   | Gained mutation: Your casting is slightly disrupted. [Ru
                  | sacrifice]
 16602 | Lair:3   | Reached ****** piety under Ru
 16632 | Lair:3   | You are sucked into a shaft and drop 2 floors!
 16632 | Lair:5   | Entered Level 5 of the Lair of Beasts
 16662 | Lair:5   | Reached XP level 12. HP: 67/68 MP: 6/12
 17049 | Lair:5   | Noticed Nessos
 17359 | Lair:4   | Reached skill level 5 in Evocations
 17554 | Lair:4   | Reached skill level 13 in Stealth
 18163 | Lair:4   | Identified the +2 falchion of the Realm of Zot {elec,
                  | Dex+6}
 18199 | Lair:4   | Found a staircase to the Slime Pits.
 19070 | Lair:5   | Reached skill level 14 in Stealth
 19426 | Lair:5   | Noticed a six-headed hydra
 19442 | Lair:5   | Killed a six-headed hydra
 19953 | Lair:5   | Reached skill level 15 in Stealth
 20343 | Lair:5   | Reached XP level 13. HP: 68/74 MP: 13/13
 20787 | Lair:5   | Killed Nessos
 20803 | Lair:5   | Reached skill level 16 in Stealth
 20803 | Lair:5   | Reached skill level 15 in Unarmed Combat
 22426 | Lair:5   | Reached skill level 17 in Stealth
 22646 | Lair:5   | Acquired a manual of Dodging
 22652 | Lair:5   | HP: 3/74 [catoblepas (6)]
 22654 | Lair:5   | Mangled by a catoblepas

Illustrated notes

Levels and vault maps discovered:
D:1:      ebering_trefoil_3fold, layout_loops_ring, minmay_misc_feat_five,
          st_stairs_5
D:2:      layout_rooms, serial_bayou_crossing
D:3:      layout_loops_ring, mainiacjoe_overflow_concentric_impassable,
          ebering_ghost_reflecting_pool, uniq_grinder
D:4:      layout_loops_ring, uniq_eustachio
D:5:      minmay_diamond_boxcup, layout_basic, makhleb_heckhound_becter,
          minmay_temple_entry_glass
D:6:      layout_rooms, mainiacjoe_overflow_catwalk, lemuel_doored_altar
D:7:      layout_basic, ebering_ghost_disaster_area
D:8:      layout_loops_corners, erik_lair_island, gammafunk_ghost_hydra_chop,
          minmay_puff
D:9:      layout_long_grid, nicolae_tso_swordbearing_angel
D:10:     layout_basic, mainiacjoe_overflow_cross_hatched,
          mainiacjoe_overflow_big_doors, nrook_uturn
Temple:   eino_narrow_crystal_temple
Lair:1:   wad_woods_04, layout_gridlike, bh_autumn_forest_stairs, uniq_sonja
Lair:2:   layout_cave_pods, nicolae_snake_entry_warm_welcome, uniq_maggie
Lair:3:   layout_chaotic_city, minmay_swamp_entry_reptiles, gammafunk_ghost_icy,
          grunt_megastairs_3
Lair:4:   layout_regular_city, slime_entry_1
Lair:5:   guppyfry_lair_end_dragon, layout_regular_city,
          hangedman_lair_in_review, uniq_nessos

Skill      XL: |  1  2  3  4  5  6  7  8  9 10 11 12 13 |
---------------+----------------------------------------+-----
Unarmed Combat | 4 5 6 7 8 10 12 13 14 15 | 15.5
Fighting       | 3 4 5 |  5.8
Stealth        | 4 7 10 11 12 15 17 | 17.0
Evocations     | 1 3 4 7 |  7.0
Dodging        | 5 7 10 13 | 13.4

Action                     |  1- 3 |  4- 6 |  7- 9 | 10-12 | 13-15 || total
---------------------------+-------+-------+-------+-------+-------++-------
  Melee: Unarmed           |   125 |   124 |   360 |   775 |   152 ||  1536
         Bite              |    18 |    14 |    64 |   146 |    44 ||   286
         Punch             |     1 |       |       |       |       ||     1
 Invoke: Sacrifice Love    |       |       |     1 |       |       ||     1
         Power Leap        |       |       |     1 |    17 |     4 ||    22
         Sacrifice a Hand  |       |       |     1 |       |       ||     1
         Sacrifice Drink   |       |       |       |     1 |       ||     1
         Sacrifice Essence |       |       |       |     1 |       ||     1
         Apocalypse        |       |       |       |     1 |     1 ||     2
Ability: Bat Form          |     1 |       |       |       |       ||     1
         Exsanguinate      |     1 |       |       |       |       ||     1
  Evoke: Wand              |       |       |     4 |     8 |    13 ||    25
         Lightning rod     |       |       |       |    10 |     2 ||    12
    Use: Scroll            |       |     5 |     9 |       |     3 ||    17
   Stab: Sleeping          |    13 |     6 |    29 |    39 |       ||    87
         Distracted        |       |       |     6 |     9 |     3 ||    18
         Paralysed         |       |       |       |    14 |     4 ||    18
         Invisible         |       |       |       |     9 |       ||     9
         Petrified         |       |       |       |     2 |     4 ||     6
         Petrifying        |       |       |       |     1 |       ||     1
 Armour: Robe              |     5 |       |       |       |       ||     5
  Dodge: Dodged            |    83 |    92 |   281 |   606 |   121 ||  1183

Table legend: (Time is in decaauts)
 A = Elapsed time spent in this place.
 B = Non-inter-level travel time spent in this place.
 C = Inter-level travel time spent in this place.
 D = Time resting spent in this place.
 E = Time spent auto-exploring this place.
 F = Levels seen in this place.
 G = Mean time per level.
                   A        B        C        D        E       F      G
               +--------+--------+--------+--------+--------+-----+--------+
         Total |  17188 |  16807 |    381 |   5955 |   6849 |  16 | 1074.2 |
       Dungeon |   9394 |   9170 |    224 |   2601 |   4459 |  10 |  939.4 |
        Temple |    146 |    143 |      3 |     18 |    109 |   1 |  146.0 |
          Lair |   7648 |   7495 |    153 |   3336 |   2280 |   5 | 1529.6 |
               +--------+--------+--------+--------+--------+-----+--------+

Top non-repeatable levels by time:
  Lair:5: 2949 daAuts
     D:8: 1745 daAuts
  Lair:4: 1605 daAuts
  Lair:1: 1364 daAuts
     D:3: 1289 daAuts
     D:5: 1250 daAuts
  Lair:3: 1016 daAuts
     D:9: 966 daAuts
     D:2: 868 daAuts
     D:4: 715 daAuts
  Lair:2: 712 daAuts
     D:6: 688 daAuts
     D:7: 662 daAuts
     D:1: 616 daAuts
    D:10: 591 daAuts
